Map: Dead of Night

Players

wasp

  • Race: Protoss Protoss
  • Spawn Location: 0:00

NamroodTuo

  • Race: Zerg Zerg

VOD

Have the link to the VOD?

Description

Time

  • Played on: May 31, 2023, 6:31 a.m.
  • Length: 44:27
Show
View Real Time Build Order
Export as new Build Order

wasp Protoss 

Build Orders:  

Get SALT Encoding   

  12  0:07  Probe (Chrono Boost)  
  12  0:19  Probe (Chrono Boost)  
  13  0:29  Pylon  
  14  0:49  Pylon  
  14  1:06  Forge  
  14  1:10  Probe (Chrono Boost)  
  15  1:23  Probe (Chrono Boost)  
  16  1:35  Probe (Chrono Boost)  
  17  1:42  Pylon  
  17  1:46  Pylon  
  17  1:51  Pylon  
  17  2:09  Photon Cannon  
  17  2:14  Photon Cannon  
  17  2:15  Probe (Chrono Boost)  
  18  2:44  Photon Cannon  
  18  2:48  Photon Cannon  
  18  3:23  Pylon  
  18  3:51  Photon Cannon  
  18  4:12  Photon Cannon  
  18  4:19  Photon Cannon  
  18  4:34  Pylon  
  18  5:06  Photon Cannon  
  18  5:21  Assimilator  
  18  5:27  Assimilator  
  18  5:30  Assimilator  
  18  6:02  Gateway x2  
  18  6:09  Gateway  
  18  6:33  Photon Cannon  
  18  6:39  Photon Cannon  
  18  6:42  Photon Cannon  
  18  6:45  Photon Cannon  
  18  6:53  Photon Cannon  
  18  7:08  Pylon  
  18  7:32  Photon Cannon  
  18  7:33  Photon Cannon  
  18  7:35  Photon Cannon  
  18  7:42  Sentinel x3  
  18  7:49  Sentinel x3  
  18  7:50  Photon Cannon  
  18  7:55  Sentinel x2  
  18  7:59  Photon Cannon  
  18  8:00  Sentinel  
  36  8:42  Sentinel  
  36  8:47  Sentinel  
  38  8:56  Probe (Chrono Boost)  
  41  9:09  Probe (Chrono Boost)  
  41  9:14  Pylon  
  41  9:19  Pylon  
  42  9:40  Pylon  
  42  9:42  Pylon  
  42  9:49  Pylon  
  42  9:53  Pylon  
  42  10:00  Probe (Chrono Boost)  
  43  10:13  Probe (Chrono Boost)  
  44  10:25  Probe (Chrono Boost)  
  45  10:57  Photon Cannon  
  45  10:58  Photon Cannon  
  45  11:01  Photon Cannon x2  
  45  11:21  Photon Cannon  
  45  11:28  Photon Cannon  
  45  11:29  Photon Cannon  
  45  11:39  Photon Cannon  
  45  11:43  Photon Cannon  
  45  11:54  Photon Cannon  
  45  12:31  Khaydarin Monolith  
  45  13:00  Khaydarin Monolith  
  45  13:36  Photon Cannon  
  45  13:37  Photon Cannon  
  45  13:55  Photon Cannon  
  45  13:57  Photon Cannon  
  45  14:00  Photon Cannon  
  45  14:01  Photon Cannon  
  45  14:08  Photon Cannon  
  45  14:13  Photon Cannon  
  45  14:20  Photon Cannon  
  45  14:45  Khaydarin Monolith  
  45  15:10  Khaydarin Monolith  
  45  15:19  Probe (Chrono Boost)  
  45  15:21  Probe (Chrono Boost)  
  45  15:24  Probe (Chrono Boost)  
  45  15:26  Probe (Chrono Boost)  
  45  15:28  Probe (Chrono Boost)  
  50  15:58  Probe (Chrono Boost)  
  51  16:10  Probe (Chrono Boost)  
  52  16:22  Probe (Chrono Boost)  
  53  16:35  Probe (Chrono Boost)  
  54  16:47  Probe (Chrono Boost)  
  54  16:49  Khaydarin Monolith  
  55  16:55  Khaydarin Monolith  
  55  17:29  Khaydarin Monolith  
  55  17:32  Khaydarin Monolith  
  55  18:01  Probe (Chrono Boost)  
  56  18:13  Probe (Chrono Boost)  
  57  18:25  Probe (Chrono Boost)  
  58  18:31  Shield Battery  
  58  18:47  Photon Cannon  
  58  18:48  Photon Cannon x2  
  58  18:51  Photon Cannon  
  58  19:11  Khaydarin Monolith  
  58  19:34  Pylon  
  58  19:41  Photon Cannon  
  58  19:44  Photon Cannon  
  58  19:48  Photon Cannon  
  58  19:49  Photon Cannon  
  58  19:53  Photon Cannon  
  58  20:06  Khaydarin Monolith  
  58  20:59  Khaydarin Monolith  
  56  21:51  Pylon  
  52  22:01  Pylon  
  52  22:04  Pylon  
  35  23:42  Pylon  
  35  23:54  Khaydarin Monolith  
  35  23:55  Khaydarin Monolith  
  35  24:21  Khaydarin Monolith  
  35  24:38  Sentinel x3  
  35  24:44  Sentinel x2  
  35  24:45  Sentinel  
  35  24:51  Sentinel x3  
  35  24:53  Pylon  
  35  24:57  Pylon  
  35  24:59  Pylon  
  41  25:17  Sentinel  
  41  25:18  Sentinel x2  
  47  25:28  Pylon  
  59  25:30  Pylon  
  59  25:46  Khaydarin Monolith  
  59  25:47  Khaydarin Monolith  
  59  25:50  Sentinel  
  59  25:51  Sentinel x2, Khaydarin Monolith  
  59  25:56  Khaydarin Monolith  
  65  26:06  Khaydarin Monolith  
  65  26:15  Khaydarin Monolith  
  65  26:35  Pylon  
  65  26:39  Pylon  
  65  26:47  Pylon  
  65  28:24  Khaydarin Monolith  
  65  28:30  Khaydarin Monolith  
  65  28:33  Khaydarin Monolith  
  65  28:40  Solar Efficiency Level 1  
  65  29:36  Assimilator  
  65  29:41  Sentinel x2  
  65  29:42  Sentinel  
  65  29:51  Cybernetics Core  
  65  29:56  Sentinel  
  65  29:57  Sentinel  
  65  29:58  Sentinel  
  71  30:29  Sentinel  
  73  30:30  Sentinel  
  73  30:31  Sentinel  
  79  30:51  Pylon  
  79  30:54  Pylon  
  79  30:58  Pylon  
  79  31:02  Sentinel  
  79  31:03  Sentinel  
  79  31:04  Sentinel  
  85  31:32  Khaydarin Monolith  
  85  31:33  Khaydarin Monolith  
  85  31:35  Sentinel  
  85  31:36  Sentinel  
  85  31:37  Sentinel, Khaydarin Monolith  
  91  31:52  Khaydarin Monolith  
  91  32:04  Khaydarin Monolith  
  91  32:12  Khaydarin Monolith  
  91  32:23  Photon Cannon  
  91  32:24  Photon Cannon  
  91  32:25  Photon Cannon  
  91  32:28  Photon Cannon  
  91  32:32  Photon Cannon  
  91  32:39  Photon Cannon  
  91  33:05  Pylon  
  91  33:08  Pylon  
  91  33:11  Pylon  
  91  33:14  Pylon  
  91  33:43  Khaydarin Monolith  
  46  35:17  Energizer x3  
  30  35:24  Energizer x3  
  30  35:30  Energizer x3  
  36  35:54  Energizer x2  
  36  35:55  Energizer  
  42  36:04  Energizer x3  
  42  36:05  Energizer  
  54  36:26  Sentinel  
  54  36:27  Sentinel, Energizer  
  60  36:59  Sentinel x2  
  60  37:00  Sentinel  
  66  37:32  Sentinel x2  
  66  37:33  Sentinel  
  72  38:05  Probe (Chrono Boost), Sentinel x2  
  72  38:06  Sentinel  
  73  38:17  Probe (Chrono Boost)  
  79  38:20  Energizer  
  79  38:29  Probe (Chrono Boost)  
  81  40:19  Khaydarin Monolith  
  81  40:24  Khaydarin Monolith  
  81  40:27  Khaydarin Monolith  
  78  40:39  Khaydarin Monolith  
  78  40:46  Pylon  
  78  40:53  Pylon  
  78  41:00  Khaydarin Monolith  
  78  41:07  Khaydarin Monolith  
  78  41:13  Khaydarin Monolith  
  76  41:20  Khaydarin Monolith  
  76  41:23  Khaydarin Monolith  
  58  41:40  Khaydarin Monolith  
  58  41:50  Photon Cannon  
  58  41:51  Photon Cannon  
  58  41:54  Photon Cannon  
  58  41:55  Photon Cannon  
  58  41:56  Photon Cannon  
  56  42:00  Photon Cannon  
  56  42:02  Photon Cannon  
  35  43:15  Shield Battery  
  35  43:28  Energizer  
Show
View Real Time Build Order
Export as new Build Order

NamroodTuo Zerg 

Build Orders:  

Get SALT Encoding   

  12  0:20  Infested Barracks  
  12  0:28  Infested SCV  
  13  0:33  Infested SCV  
  14  0:40  Infested SCV  
  15  0:54  Overlord  
  15  1:07  Infestation Level 1  
  15  1:20  Infested SCV  
  15  1:27  Infested SCV  
  17  1:32  Infested SCV  
  18  1:43  Overlord  
  18  1:48  Infested SCV  
  19  1:59  Infested Refinery  
  19  2:01  Infested SCV  
  19  2:04  Infested SCV  
  19  2:08  Infested SCV  
  22  2:19  Infested Refinery  
  22  2:21  Infested SCV  
  23  2:59  Infested Bunker  
  27  3:02  Infested SCV  
  27  3:04  Infested SCV  
  29  3:23  Infested Engineering Bay  
  29  3:46  Infested Marine  
  29  3:47  Infested Marine  
  31  3:51  Overlord  
  31  3:59  Infested Barracks Tech Lab  
  31  4:18  Infested SCV, Infested Bunker  
  31  4:19  Infested SCV x2, Retinal Augmentation  
  38  4:24  Unknown  
  38  4:49  Infested Factory  
  36  4:55  Infested Marine x3  
  36  4:56  Infestation Level 2  
  39  5:38  Stukov Infantry Weapons Level 1  
  36  5:48  Overlord x2  
  36  5:50  Infested SCV x2  
  36  5:51  Infested SCV  
  39  6:26  Infested Bunker  
  43  6:31  Infested SCV  
  43  6:36  Infested SCV  
  45  6:48  Anaerobic Enhancement  
  45  6:49  Stukov Infantry Armor Level 1  
  45  6:53  Plagued Munitions  
  45  6:55  Broodling Gestation  
  45  7:10  Infested Armory  
  45  7:13  Infested SCV  
  45  7:14  Infested SCV  
  45  7:15  Overlord  
  45  7:17  Overlord  
  47  7:49  Infested Marine  
  48  7:50  Infested Marine x10  
  48  7:51  Infested Marine x9  
  67  8:15  Infested Refinery  
  66  8:45  Infestation Level 3  
  66  9:26  Aggressive Incubation  
  66  9:31  Infested Marine  
  66  9:32  Infested Marine x4  
  66  9:36  Overlord x4  
  66  9:37  Overlord  
  60  10:22  Infested Bunker  
  60  10:23  Infested Bunker  
  60  10:51  Stukov Infantry Armor Level 2  
  55  11:12  Infested Factory Tech Lab  
  55  11:29  Infested SCV x2  
  57  11:30  Infested SCV  
  58  11:54  Infested Bunker  
  58  11:59  Infested Bunker  
  66  12:11  Stukov Vehicle and Ship Weapons Level 1  
  66  12:17  Infested Siege Tank  
  69  12:36  Infested Siege Tank  
  69  13:11  Stukov Vehicle and Ship Armor Level 1  
  69  13:30  Infested Siege Tank  
  69  13:31  Infested Siege Tank x3  
  81  13:52  Automated Mitosis  
  81  13:54  Calcified Armor, Infested Missile Turret  
  81  14:01  Stukov Infantry Weapons Level 2  
  81  14:09  Acidic Enzymes  
  81  14:34  Regenerative Plating  
  81  14:50  Saturated Cultures  
  81  15:03  Overseer x2  
  81  15:19  Infested Siege Tank  
  84  15:29  Infested Bunker  
  87  15:58  Stukov Vehicle and Ship Armor Level 2  
  87  16:02  Infested Siege Tank x2  
  93  16:18  Infested Bunker  
  93  16:42  Stukov Infantry Armor Level 3  
  93  17:06  Infested Marine  
  93  17:07  Infested Marine x6  
  93  17:08  Infested Marine x8  
  108  17:56  Infested Siege Tank  
  111  18:01  Overlord x2  
  111  18:02  Overlord x3  
  98  18:46  Infested Bunker  
  104  19:13  Infested Siege Tank  
  104  19:14  Infested Siege Tank x2  
  109  19:36  Infested Bunker  
  109  20:39  Infested Siege Tank x4  
  121  20:40  Infested Siege Tank  
  121  20:45  Overseer x5  
  121  20:46  Overseer  
  103  21:43  Infested Siege Tank  
  103  21:44  Infested Siege Tank x2  
  103  21:47  Infested Marine x7  
  103  21:48  Infested Marine x13  
  132  21:51  Stukov Infantry Weapons Level 3  
  132  21:53  Stukov Vehicle and Ship Armor Level 3  
  132  22:12  Infested Diamondback  
  132  22:13  Infested Diamondback  
  114  23:34  Caustic Mucus  
  96  24:02  Infested SCV x3  
  96  24:03  Infested SCV x2  
  94  25:08  Stukov Vehicle and Ship Weapons Level 2  
  94  25:18  Infested Marine  
  94  25:19  Infested Marine x8  
  103  25:20  Infested Marine x13  
  103  25:24  Overlord x3  
  103  25:25  Overlord x2  
  112  25:50  Infested Siege Tank x3  
  112  25:51  Infested Siege Tank x2  
  105  27:37  Overseer x5  
  102  29:10  Infested Diamondback x3  
  102  29:11  Infested Diamondback x2  
  102  29:17  Infested SCV  
  102  29:18  Infested SCV x3  
  121  29:59  Infested Barracks  
  115  30:06  Infested Marine  
  115  30:07  Infested Marine x5  
  115  30:08  Infested Marine x16  
  115  30:09  Infested Marine  
  135  30:32  Stukov Vehicle and Ship Weapons Level 3  
  135  31:04  Infested Marine  
  135  31:05  Infested Marine x16  
  125  32:52  Infested Bunker  
  124  33:06  Infested Bunker  
  136  33:27  Infested Bunker  
  140  33:41  Infested Bunker  
  140  33:55  Infested Bunker  
  140  34:17  Infested Bunker  
  121  34:50  Infested Diamondback x4  
  121  34:51  Infested Diamondback  
  130  35:00  Overlord x2  
  130  35:01  Overlord x2  
  129  35:46  Infested Marine  
  129  35:47  Infested Marine x16  
  129  35:48  Infested Marine x20  
  129  35:49  Infested Marine x3  
  145  36:24  Infested Diamondback x2  
  145  36:25  Infested Diamondback x3  
  154  36:53  Overlord x5  
  110  38:32  Infested SCV x2  
  110  38:33  Infested SCV  
  110  38:35  Infested Bunker  
  113  38:41  Infested Marine  
  113  38:42  Infested Marine x16  
  113  38:43  Infested Marine x21  
  113  38:44  Infested Marine x2  
  153  39:24  Infested Bunker  
  149  39:34  Infested Marine x7  
  149  39:35  Infested Marine x17  
  116  40:52  Infested Marine  
  116  40:53  Infested Marine x19  
  116  40:54  Infested Marine x3  
  104  42:37  Infested Diamondback x5  
  73  44:16  Infested Marine  
  73  44:17  Infested Marine x9  
  73  44:18  Infested Marine x20  
  73  44:19  Infested Marine x10  
Tags
 
Commander
KaraxStukov
Matchup
Co-op
Replay Pack
Multiplayer
Add a new tag
Caveats
  • Supply blocks, unpowered buildings, or Contaminate may cause inaccurate times.
  • Supply counts are checked every 10 seconds.